AoeStats
← gbbautista287

Arabia

510435135Analyzed
1v1 RM · 22h ago on Oct 1, 2026· 63m 36s· 2 players
Game mode
Random Map
Map size
Tiny (2 player)
Population
200
Speed
Normal
Resources
Standard
Victory
Conquest
Starting age
Dark Age
Ending age
Imperial Age
RankedLock teamsTeams togetherTeam positionsShared explorationLock speedFull tech treeHidden civsTurbo modeCheats
Victory
Defeat
🇦🇷 Britons · Argentina
543
+19
🇦🇷 Teutons · Argentina
610
-19
pablof
9:48 Feudal Age
11:07 Wheelbarrow
13:42 Horse Collar
13:53 Double-Bit Axe
19:43 Scale Barding Armor
20:02 Forging
19:54 Scale Mail Armor
23:25 Castle Age
22:53 Padded Archer Armor
22:43 Fletching
24:29 Hand Cart
24:30 Husbandry
24:53 Chain Barding Armor
24:49 Chain Mail Armor
25:11 Iron Casting
24:29 Crossbowman
25:55 Bow Saw
26:22 Leather Archer Armor
26:46 Pikeman
29:12 Bodkin Arrow
33:03 Squires
33:38 Heavy Plow
39:53 Gold Mining
39:55 Stone Mining
39:53 Light Cavalry
45:04 Imperial Age
43:10 Arson
45:35 Elite Longbowman
45:38 Arbalester
46:50 Ring Archer Armor
46:56 Plate Barding Armor
46:51 Plate Mail Armor
47:22 Blast Furnace
46:23 Bracer
46:38 Arrowslits
47:54 Chemistry
47:15 Ballistics
48:23 Two-Man Saw
47:22 Cavalier
48:56 Warwolf
51:37 Halberdier
53:41 Yeomen
gbbautista287
6:01 Loom
11:31 Feudal Age
11:54 Horse Collar
12:02 Double-Bit Axe
12:56 Wheelbarrow
12:08 Town Watch
20:39 Castle Age
19:55 Scale Mail Armor
20:08 Forging
20:00 Man-at-Arms
21:14 Stone Mining
21:15 Gold Mining
23:52 Stone Shaft Mining
26:13 Iron Casting
26:15 Heavy Plow
27:58 Pikeman
28:52 Scale Barding Armor
29:04 Chain Mail Armor
31:06 Hand Cart
38:19 Bow Saw
40:47 Ballistics
49:40 Imperial Age
47:23 Elite Skirmisher
49:15 Padded Archer Armor
49:06 Fletching
49:36 Chain Barding Armor
50:25 Town Patrol
52:01 Chemistry
52:05 Leather Archer Armor
51:46 Bodkin Arrow
Connection lost

Rejoining the realm…

Still unreachable

The connection could not be restored.

Session expired

The server has moved on; the page needs a fresh start.